 Dungeon Crawl Stone Soup version 0.32-a0-711-g016ad74 (webtiles) character file.

Game seed: 12307268139447539549

197 Dorkslayer the Ruffian (level 5, -8/36 HPs)
             Began as an Octopode Fighter on Mar 15, 2024.
             Splashed by a jelly's acid (9 damage)
             ... on level 4 of the Dungeon.
             The game lasted 00:05:09 (2068 turns).

Dorkslayer the Ruffian (Octopode Fighter)           Turns: 2068, Time: 00:05:10

Health: -8/36      AC:  1    Str: 17    XL:     5   Next: 75%
Magic:  0/5        EV: 12    Int: 11    God:
Gold:   119        SH:  6    Dex: 11    Spells: 4/4 levels left

rFire   . . .        q - +1 flail (venom)
rCold   . . .        f - +2 buckler
rNeg    . . .        (helmet restricted)
rPois   .            m - amulet of guardian spirit
rElec   .            (no ring)
rCorr   .            (no ring)
SInv    .            (no ring)
Will    .....        (no ring)
Stlth   +++          (no ring)
HPRegen 0.26/turn    (no ring)
MPRegen 0.09/turn    (no ring)
                     (no ring)

%: guardian spirit
@: attractive
A: almost no armour, amphibious, 8 rings, camouflage 1, gelatinous body 1,
(nimble swimmer 1), tentacles
a: no special abilities


You were on level 4 of the Dungeon.
You visited 1 branch of the dungeon, and saw 4 of its levels.

You collected 119 gold pieces.

Inventory:

Hand Weapons
 q - a +1 flail of venom (weapon)
Missiles
 e - 3 boomerangs (quivered)
Armour
 f - a +2 buckler (worn)
Jewellery
 m - an amulet of guardian spirit (around mantle)
Talismans
 p - a blade talisman
Scrolls
 c - a scroll of enchant weapon
Potions
 b - 3 potions of might
 h - a potion of cancellation
 k - a potion of resistance {unknown}
 l - a potion of haste {unknown}


   Skills:
 + Level 3.3 Fighting
 * Level 0.5 Maces & Flails
 + Level 3.7 Dodging
 + Level 2.7 Stealth
 + Level 3.2 Shields
 * Level 3.9 Unarmed Combat
 * Level 1.2 Shapeshifting


You had 4 spell levels left.
You didn't know any spells.
Your spell library contained the following spells:

 Spells                   Type           Power      Damage    Failure   Level
 Sting                    Conj/Alch      0%         1d3       41%         1
 Call Imp                 Summ           0%         N/A       56%         2
 Mercury Vapours          Alch/Air       0%         N/A       56%         2
 Sublimation of Blood     Necr           0%         N/A       56%         2
 Olgreb's Toxic Radiance  Alch           0%         N/A       99%         4
 Summon Hydra             Summ           0%         N/A       100%        7


Dungeon Overview and Level Annotations

Branches:
Dungeon (4/15)
 Temple: D:4-7

Altars:
Sif Muna

Annotations:
D:4 1 transporter, december12's ghost, weakling BaMo


Innate Abilities, Weirdness & Mutations

You cannot wear most types of armour.
You are amphibious.
You can wear up to eight rings at the same time.
Your skin changes colour to match your surroundings (Stealth+).
Your rubbery body absorbs attacks. (AC +1, EV +1)
((You are camouflaged when in or above water. (Stealth+)))
You have tentacles for arms and can constrict up to eight enemies at once.


Message History

You completely miss the orc. Your grab misses the orc.
You block the orc's attack.
You barely miss the orc. Your grab misses the orc.
You squeeze the orc, but do no damage. The orc closely misses you.
The orc hits you with a +0 club.
You hit the orc.
The orc is poisoned.
Your grab misses the orc.
The orc is moderately wounded.
You block the orc's attack. The jelly hits you.
You are splashed with acid!
The scorpion attacks as it pursues you! You block the scorpion's attack.
The jelly jiggles.
The orc hits you with a +0 club.
You kill the orc!
The scorpion attacks as it pursues you! The scorpion stings you.
You are poisoned.
The scorpion poisons you!
You feel sick. The scorpion attacks as it pursues you! The scorpion stings you.
The scorpion misses you.
You closely miss the scorpion. Your grab misses the scorpion.
You feel sick. The scorpion closely misses you.
You closely miss the scorpion. You grab the scorpion.
You constrict the scorpion.
You feel sick. The scorpion barely misses you. You block the scorpion's attack.
You hit the scorpion.
The scorpion is poisoned.
The scorpion is moderately wounded.
You constrict the scorpion.
You feel sick. The scorpion completely misses you.
The scorpion barely misses you.
You hit the scorpion.
You kill the scorpion!
You feel sick.
You are no longer poisoned.
The jelly hits you.
* * * LOW HITPOINT WARNING * * *
You are splashed with acid!
* * * LOW HITPOINT WARNING * * *
It was a potion of attraction.
You feel attractive to monsters. The jelly hits you.
* * * LOW HITPOINT WARNING * * *
You are splashed with acid!
You die...

~~~~~~~~~*~..#..##,.**,#.,#.#
~~~~~~≈~~~~*....©#,#..,#.##.#
~~~~~~≈≈~~♣♣#...#*,....#)#..##
~~~~~~≈≈~~~.....#,,,#©.=5#©..#
~~~~~~≈≈~P♣..#.)#,*...#.W#...#
~~~~~~≈≈~~♣♣###.##,#.....##..####
~~~~~~~~~~~* #..#...#.#.5#......
~~~~~~~~~~** ##J#5..#.#..#.#####
~~~~~~≈~~~~* #@#5......##.#
~~~~~~~~~~** #.###...###..##
~~~~~~~~♣P~#####)..#####.....#
~~*~~~~*~~♣..............###.#
~~~~~~~~~*♣######.######## #.#
~~~~~~~~** #.# #.# *~~~~~~~~**
#.##########.# ~~~~~~~**,*
#.........)..# ,*~~~~*,,,*
##############


You could see a jelly and 2 quasits.

Vanquished Creatures
  2 scorpions (D:4)
  An adder (D:3)
  A gnoll (D:1)
  2 dart slugs
  4 orcs (D:4)
  5 bats
  5 endoplasms
  2 giant cockroaches (D:3)
  5 goblins
  7 hobgoblins
  3 jackals (D:1)
  A quokka (D:1)
  4 ball pythons (D:1)
  A frilled lizard (D:2)
  5 kobolds
  6 rats
54 creatures vanquished.

Notes
Turn   | Place    | Note
-------+----------+-------------------------------------------
     0 | D:1      | Dorkslayer the Octopode Fighter began the quest for the
                  | Orb.
     0 | D:1      | Reached XP level 1. HP: 16/16 MP: 1/1
    30 | D:1      | Reached XP level 2. HP: 12/21 MP: 2/2
    94 | D:1      | Found a faded altar of an unknown god.
   329 | D:1      | Reached XP level 3. HP: 26/26 MP: 3/3
  1435 | D:3      | Reached skill level 1 in Stealth
  1460 | D:3      | Reached XP level 4. HP: 31/31 MP: 4/4
  1868 | D:4      | Noticed a bullfrog
  1884 | D:4      | Noticed a scorpion
  1886 | D:4      | Found a shimmering blue altar of Sif Muna.
  1890 | D:4      | Killed a scorpion
  1891 | D:4      | Reached skill level 1 in Shapeshifting
  1891 | D:4      | Reached XP level 5. HP: 27/36 MP: 3/5
  2000 | D:4      | Found a transporter.
  2000 | D:4      | Noticed december12's ghost (weakling BaMo)
  2067 | D:4      | HP: 1/36 [acid (6)]
  2068 | D:4      | Splashed by a jelly's acid

Illustrated notes

Levels and vault maps discovered:
D:1:      wander_arrival_chamber, layout_basic,
          shapermc_ecumenical_altar_starsandcircs
D:2:      layout_rooms, minmay_misc_feat_encased
D:3:      layout_rooms
D:4:      layout_loops_ring, lemuel_crystal_altar, gammafunk_ghost_stat_death,
          serial_bayou_lake_a, uniq_edmund

Skill      XL: |  1  2  3  4 |
---------------+-------------+-----
Unarmed Combat | 3 |  3.9
Stealth        | 1 2 |  2.7
Shapeshifting  | 1 |  1.2
Fighting       | |  3.3
Maces & Flails | |  0.5
Dodging        | |  3.7
Shields        | |  3.2

Action                     |  1- 3 |  4- 6 || total
---------------------------+-------+-------++-------
  Melee: Unarmed           |    64 |    22 ||    86
         Tentacles         |    14 |     5 ||    19
         Constrict         |    20 |     5 ||    25
         Punch             |     1 |       ||     1
         Flail             |       |     7 ||     7
    Use: Scroll            |       |     7 ||     7
         Potion            |       |     1 ||     1
   Stab: Sleeping          |     9 |     3 ||    12
         Distracted        |       |     1 ||     1
 Armour: Skin              |    17 |    12 ||    29
  Dodge: Dodged            |    23 |    11 ||    34
  Block: Buckler           |    14 |     6 ||    20

Table legend: (Time is in decaauts)
 A = Elapsed time spent in this place.
 B = Non-inter-level travel time spent in this place.
 C = Inter-level travel time spent in this place.
 D = Time resting spent in this place.
 E = Time spent auto-exploring this place.
 F = Levels seen in this place.
 G = Mean time per level.
                   A        B        C        D        E       F      G
               +--------+--------+--------+--------+--------+-----+--------+
         Total |   2069 |   2069 |      0 |      0 |   1144 |   4 |  517.2 |
       Dungeon |   2069 |   2069 |      0 |      0 |   1144 |   4 |  517.2 |
               +--------+--------+--------+--------+--------+-----+--------+

Top non-repeatable levels by time:
     D:1: 788 daAuts
     D:2: 636 daAuts
     D:3: 403 daAuts
     D:4: 240 daAuts
